AoeStats
← Kbob

QS Arena

503668140Analyzed
1v1 RM · 1mo ago on Sep 1, 2026· 45m 46s· 2 players
Game mode
Random Map
Map size
Tiny (2 player)
Population
200
Speed
Normal
Resources
Standard
Victory
Conquest
Starting age
Dark Age
Ending age
Imperial Age
RankedLock teamsTeams togetherTeam positionsShared explorationLock speedFull tech treeHidden civsTurbo modeCheats
Victory
Defeat
🇻🇳 Khmer · Vietnam
792
+29
🇺🇸 Turks · United States
815
-24
Standin.Icarus
9:28 Feudal Age
13:51 Castle Age
13:32 Double-Bit Axe
13:29 Horse Collar
14:50 Bow Saw
15:12 Scale Barding Armor
17:32 Chain Barding Armor
20:09 Stone Mining
20:51 Fervor
21:36 Wheelbarrow
21:08 Husbandry
21:59 Gold Mining
22:47 Stone Shaft Mining
22:33 Bloodlines
23:24 Murder Holes
27:27 Imperial Age
28:12 Forging
30:59 Imperial Age
29:46 Ballistics
30:02 Fletching
32:25 Plate Barding Armor
32:35 Heavy Plow
35:13 Redemption
35:39 Double Crossbow
36:31 Gold Shaft Mining
37:20 Conscription
36:53 Elite Ballista Elephant
39:46 Chemistry
39:49 Siege Engineers
39:37 Loom
Kbob
9:23 Feudal Age
14:53 Castle Age
21:50 Imperial Age
32:57 Double-Bit Axe
32:54 Horse Collar
34:51 Loom
35:43 Wheelbarrow
36:07 Fortified Wall
36:40 Bow Saw
36:45 Heavy Plow
37:20 Bloodlines
37:10 Husbandry
38:27 Hand Cart
37:59 Town Watch
44:28 Scale Barding Armor
Connection lost

Rejoining the realm…

Still unreachable

The connection could not be restored.

Session expired

The server has moved on; the page needs a fresh start.